| TOP OF THE 1ST |
|
Augusta GreenJackets batting - Pitching for Hagerstown Suns : RHP Jonathan Arce
|
|
Pitching: RHP Jonathan Arce
|
|
|
Batting: RHB Yutaka Oki
|
0-0: Foul Ball, location: 2F 0-1: Ground out 6-3 (Groundball, 6, EV 86.2 MPH)
|
|
Batting: RHB Bill Defazio
|
0-0: Ball 1-0: Called Strike 1-1: Ball 2-1: Ball 3-1: Foul Ball, location: 2F 3-2: Base on Balls
|
|
Batting: RHB Adam Solesbee
|
0-0: Ball 1-0: Ball Bill Defazio is caught stealing 2nd base 2-4 2-0: SINGLE (Groundball, 6MD, EV 108.1 MPH)
|
|
Batting: LHB Fred Arends
|
0-0: Ball 1-0: Ball 2-0: Ground out 4-3 (Groundball, 34, EV 87.5 MPH)
|
| Top of the 1st over - 0 runs, 1 hit, 0 errors, 1 left on base; Augusta 0 - Hagerstown 0 |
| BOTTOM OF THE 1ST |
|
Hagerstown Suns batting - Pitching for Augusta GreenJackets : RHP Jim Sprayberry
|
|
Pitching: RHP Jim Sprayberry
|
|
|
Batting: SHB Dan Castaneda
|
0-0: Called Strike 0-1: Ball 1-1: Ball 2-1: Called Strike 2-2: Foul Ball, location: 2F 2-2: Strikes out looking
|
|
Batting: LHB Nate Melendez
|
0-0: Ground out U3 (Groundball, 34S, EV 87.5 MPH)
|
|
Batting: RHB Kevin Whitenack
|
0-0: Foul Ball, location: 2F 0-1: Ball 1-1: Ball 2-1: Swinging Strike 2-2: Ball 3-2: Foul Ball, location: 2F 3-2: Base on Balls
|
|
Batting: RHB Slavik Nebrodov
|
0-0: Called Strike 0-1: Foul Ball, location: 2F 0-2: 2-RUN HOME RUN (Flyball, 78XD, EV 103.1 MPH), Distance : 417 ft
|
|
Batting: RHB Jesus Malave
|
0-0: Ball 1-0: Called Strike 1-1: Ball 2-1: SINGLE (Line Drive, 89M, EV 108.1 MPH)
|
|
Batting: RHB Jim Towle
|
0-0: Swinging Strike 0-1: Foul Ball, location: 2F 0-2: Ball 1-2: Strikes out looking
|
| Bottom of the 1st over - 2 runs, 2 hits, 0 errors, 1 left on base; Augusta 0 - Hagerstown 2 |
| TOP OF THE 2ND |
|
Augusta GreenJackets batting - Pitching for Hagerstown Suns : RHP Jonathan Arce
|
|
Batting: RHB Devin Lowery
|
0-0: Ball 1-0: Ball 2-0: SINGLE (Groundball, 56D, EV 95.6 MPH)
|
|
Batting: RHB Micah McErlean
|
0-0: Ball 1-0: Ball 2-0: Swinging Strike Devin Lowery steals 2nd, throwing error, E2 Devin Lowery to third 2-1: Fly out, F7 (Flyball, 7, EV 98.1 MPH) Runner from 3rd tags up, SCORES, throw by LF
|
|
Batting: RHB Jonathan Reece
|
0-0: Swinging Strike 0-1: Foul Ball, location: 2F 0-2: Strikes out swinging
|
|
Batting: RHB Mike Jones
|
0-0: Called Strike 0-1: Foul Ball, location: 2F 0-2: Ball 1-2: DOUBLE (Line Drive, 89D, EV 106.9 MPH)
|
|
Batting: LHB James Wheaton
|
0-0: Called Strike 0-1: Foul Ball, location: 2F 0-2: Ball 1-2: Foul Ball, location: 2F 1-2: Ball 2-2: Ball 3-2: SINGLE (Groundball, 6D, EV 98.1 MPH) Mike Jones to third
|
|
Batting: RHB Yutaka Oki
|
0-0: Swinging Strike 0-1: Ball 1-1: Foul Ball, location: 2F 1-2: Foul Ball, location: 2F 1-2: Ball 2-2: Ground out 4-3 (Groundball, 4, EV 82.5 MPH)
|
| Top of the 2nd over - 1 run, 3 hits, 1 error, 2 left on base; Augusta 1 - Hagerstown 2 |
| BOTTOM OF THE 2ND |
|
Hagerstown Suns batting - Pitching for Augusta GreenJackets : RHP Jim Sprayberry
|
|
Batting: RHB Naofumi Ishida
|
0-0: Foul Ball, location: 2F 0-1: Ball 1-1: Foul Ball, location: 2F 1-2: Strikes out looking
|
|
Batting: RHB Victor Cintron
|
0-0: Called Strike 0-1: Ball 1-1: Ball 2-1: Ground out U3 (Groundball, 3S, EV 63.8 MPH)
|
|
Batting: RHB Travis Stanley
|
0-0: Ball 1-0: Swinging Strike 1-1: Ball 2-1: Foul Ball, location: 2F 2-2: SINGLE (Groundball, 4MD, EV 97.5 MPH)
|
|
Batting: SHB Dan Castaneda
|
0-0: Called Strike 0-1: Ground out 4-3 (Groundball, 13, EV 91.9 MPH)
|
| Bottom of the 2nd over - 0 runs, 1 hit, 0 errors, 1 left on base; Augusta 1 - Hagerstown 2 |
| TOP OF THE 3RD |
|
Augusta GreenJackets batting - Pitching for Hagerstown Suns : RHP Jonathan Arce
|
|
Batting: RHB Bill Defazio
|
0-0: Ball 1-0: Ball 2-0: Ball 3-0: Called Strike 3-1: Ground out 6-3 (Groundball, 6, EV 107.5 MPH)
|
|
Batting: RHB Adam Solesbee
|
0-0: Ball 1-0: Foul Ball, location: 2F 1-1: Ball 2-1: Foul Ball, location: 2F 2-2: Strikes out looking
|
|
Batting: LHB Fred Arends
|
0-0: Ball 1-0: Foul Ball, location: 2F 1-1: Foul Ball, location: 2F 1-2: Strikes out swinging
|
| Top of the 3rd over - 0 runs, 0 hits, 0 errors, 0 left on base; Augusta 1 - Hagerstown 2 |
| BOTTOM OF THE 3RD |
|
Hagerstown Suns batting - Pitching for Augusta GreenJackets : RHP Jim Sprayberry
|
|
Batting: LHB Nate Melendez
|
0-0: Swinging Strike 0-1: DOUBLE (Line Drive, 89D, EV 108.8 MPH)
|
|
Batting: RHB Kevin Whitenack
|
0-0: Fly out, F9 (Flyball, 89M, EV 88.1 MPH)
|
|
Batting: RHB Slavik Nebrodov
|
0-0: Ball 1-0: SINGLE (Line Drive, 9S, EV 84.4 MPH) Nate Melendez to third
|
|
Batting: RHB Jesus Malave
|
0-0: Ball 1-0: Fielders Choice at 2nd, 4-6 (Groundball, 4M, EV 101.2 MPH) Nate Melendez scores
|
|
Batting: RHB Jim Towle
|
0-0: Ball 1-0: SINGLE (Groundball, 56S, EV 63.8 MPH) (infield hit) Jesus Malave to second
|
|
Batting: RHB Naofumi Ishida
|
0-0: Called Strike 0-1: SINGLE (Line Drive, 9S, EV 106.2 MPH) Jesus Malave to third Jim Towle to second Runner from 3rd tries for Home, SAFE, throw by RF to home
|
|
Batting: RHB Victor Cintron
|
0-0: Foul Ball, location: 2F 0-1: Swinging Strike 0-2: Ball 1-2: Foul Ball, location: 2F 1-2: Ball 2-2: Ball 3-2: Foul Ball, location: 2F 3-2: Base on Balls Jim Towle to third Naofumi Ishida to second
|
|
Batting: RHB Travis Stanley
|
0-0: Ground out 5-3 (Groundball, 56S, EV 85.0 MPH)
|
| Bottom of the 3rd over - 2 runs, 4 hits, 0 errors, 3 left on base; Augusta 1 - Hagerstown 4 |
| TOP OF THE 4TH |
|
Augusta GreenJackets batting - Pitching for Hagerstown Suns : RHP Jonathan Arce
|
|
Batting: RHB Devin Lowery
|
0-0: Foul Ball, location: 2F 0-1: Ball 1-1: Ball 2-1: Ball 3-1: Base on Balls
|
|
Batting: RHB Micah McErlean
|
0-0: Ball Devin Lowery steals 2nd base (no throw) 1-0: Swinging Strike 1-1: Ground out 4-3 (Groundball, 13, EV 80.6 MPH) Devin Lowery to third
|
|
Batting: RHB Jonathan Reece
|
0-0: Foul Ball, location: 2F 0-1: Ball 1-1: Ball Passed Ball! Devin Lowery scores 2-1: Called Strike 2-2: Foul Ball, location: 2F 2-2: Foul Ball, location: 2F 2-2: Ball 3-2: Base on Balls
|
|
Pitching: RHP Chris Bonham
|
|
|
Batting: RHB Mike Jones
|
0-0: Foul Ball, location: 2F 0-1: Ball 1-1: Ball 2-1: Swinging Strike 2-2: Hit by Pitch Jonathan Reece to second
|
|
Batting: LHB James Wheaton
|
0-0: Called Strike 0-1: Ball 1-1: Foul Ball, location: 2F 1-2: Ball 2-2: Foul Ball, location: 2F 2-2: Foul Ball, location: 2F 2-2: Ball 3-2: Strikes out looking
|
|
Batting: RHB Yutaka Oki
|
0-0: Swinging Strike 0-1: Ball Wild Pitch! Jonathan Reece to third Mike Jones to second 1-1: Swinging Strike 1-2: Strikes out looking
|
| Top of the 4th over - 1 run, 0 hits, 0 errors, 2 left on base; Augusta 2 - Hagerstown 4 |
| BOTTOM OF THE 4TH |
|
Hagerstown Suns batting - Pitching for Augusta GreenJackets : RHP Jim Sprayberry
|
|
Batting: SHB Dan Castaneda
|
0-0: Ball 1-0: DOUBLE (Flyball, 9LD, EV 106.2 MPH)
|
|
Batting: LHB Nate Melendez
|
0-0: Ball 1-0: Called Strike 1-1: Fly out, F8 (Flyball, 8LD, EV 102.5 MPH)
|
|
Batting: RHB Kevin Whitenack
|
0-0: Swinging Strike 0-1: Swinging Strike 0-2: Ball 1-2: Ball 2-2: Ball 3-2: Base on Balls
|
|
Batting: RHB Slavik Nebrodov
|
0-0: Ball Dan Castaneda steals 3rd base 1-0: Swinging Strike 1-1: Ball 2-1: Swinging Strike 2-2: Ball 3-2: Strikes out swinging
|
|
Batting: RHB Jesus Malave
|
0-0: Ball 1-0: Ball 2-0: Ball 3-0: Base on Balls Kevin Whitenack to second
|
|
Batting: RHB Jim Towle
|
0-0: Foul Ball, location: 2F 0-1: Fly out, F8 (Flyball, 78D, EV 103.1 MPH)
|
| Bottom of the 4th over - 0 runs, 1 hit, 0 errors, 3 left on base; Augusta 2 - Hagerstown 4 |
| TOP OF THE 5TH |
|
Augusta GreenJackets batting - Pitching for Hagerstown Suns : RHP Chris Bonham
|
|
Batting: RHB Bill Defazio
|
0-0: Ball 1-0: Ball 2-0: Called Strike 2-1: Foul Ball, location: 2F 2-2: Ball 3-2: Strikes out swinging
|
|
Batting: RHB Adam Solesbee
|
0-0: Ball 1-0: SINGLE (Line Drive, 9S, EV 91.9 MPH)
|
|
Batting: LHB Fred Arends
|
0-0: Called Strike 0-1: Fly out, F5 (Flyball, 5D, EV 94.4 MPH)
|
|
Batting: RHB Devin Lowery
|
0-0: Ball 1-0: Ball 2-0: Ball 3-0: Base on Balls Adam Solesbee to second
|
|
Batting: RHB Micah McErlean
|
0-0: Ball 1-0: Called Strike 1-1: Fielders Choice at 2nd, 5-4 (Groundball, 5, EV 77.5 MPH)
|
| Top of the 5th over - 0 runs, 1 hit, 0 errors, 2 left on base; Augusta 2 - Hagerstown 4 |
| BOTTOM OF THE 5TH |
|
Hagerstown Suns batting - Pitching for Augusta GreenJackets : RHP Jim Sprayberry
|
|
Pitching: RHP Dan Post
|
|
|
Batting: RHB Naofumi Ishida
|
0-0: Called Strike 0-1: Foul Ball, location: 2F 0-2: Strikes out swinging
|
|
Batting: RHB Victor Cintron
|
0-0: Called Strike 0-1: Ground out 6-3 (Groundball, 6, EV 101.9 MPH)
|
|
Batting: RHB Travis Stanley
|
0-0: Ball 1-0: Foul Ball, location: 2F 1-1: Ball 2-1: Ball 3-1: Swinging Strike 3-2: Ground out 6-3 (Groundball, 56, EV 104.4 MPH)
|
| Bottom of the 5th over - 0 runs, 0 hits, 0 errors, 0 left on base; Augusta 2 - Hagerstown 4 |
| TOP OF THE 6TH |
|
Augusta GreenJackets batting - Pitching for Hagerstown Suns : RHP Chris Bonham
|
|
Batting: RHB Jonathan Reece
|
0-0: Swinging Strike 0-1: Ball 1-1: Foul Ball, location: 2F 1-2: Foul Ball, location: 2F 1-2: Strikes out looking
|
|
Batting: RHB Mike Jones
|
0-0: Foul Ball, location: 2F 0-1: Ball 1-1: Ground out 6-3 (Groundball, 6S, EV 66.2 MPH)
|
|
Batting: LHB James Wheaton
|
0-0: Foul Ball, location: 2F 0-1: Swinging Strike 0-2: Strikes out swinging
|
| Top of the 6th over - 0 runs, 0 hits, 0 errors, 0 left on base; Augusta 2 - Hagerstown 4 |
| BOTTOM OF THE 6TH |
|
Hagerstown Suns batting - Pitching for Augusta GreenJackets : RHP Dan Post
|
|
Batting: SHB Dan Castaneda
|
0-0: SINGLE (Groundball, 34D, EV 98.1 MPH)
|
|
Batting: LHB Nate Melendez
|
0-0: Called Strike Dan Castaneda steals 2nd base 0-1: Called Strike Dan Castaneda is caught stealing 3rd base 2-5 0-2: Ball 1-2: Ground out U3 (Groundball, 34, EV 105.0 MPH)
|
|
Batting: RHB Kevin Whitenack
|
0-0: Ball 1-0: Ball 2-0: Ground out 6-3 (Groundball, 6, EV 106.2 MPH)
|
| Bottom of the 6th over - 0 runs, 1 hit, 0 errors, 0 left on base; Augusta 2 - Hagerstown 4 |
| TOP OF THE 7TH |
|
Augusta GreenJackets batting - Pitching for Hagerstown Suns : RHP Chris Bonham
|
|
Pitching: RHP Salvador Medina
|
|
|
Batting: RHB Yutaka Oki
|
0-0: Called Strike 0-1: Ball 1-1: Ball 2-1: Ground out 5-3 (Groundball, 5L, EV 101.9 MPH)
|
|
Batting: RHB Bill Defazio
|
0-0: Ball 1-0: Foul Ball, location: 2F 1-1: Ball 2-1: Fly out, F9 (Line Drive, 89M, EV 90.0 MPH)
|
|
Batting: RHB Adam Solesbee
|
0-0: Ball 1-0: Foul Ball, location: 2F 1-1: Foul Ball, location: 2F 1-2: Hit by Pitch
|
|
Batting: LHB Fred Arends
|
0-0: Swinging Strike 0-1: Swinging Strike 0-2: Strikes out swinging
|
| Top of the 7th over - 0 runs, 0 hits, 0 errors, 1 left on base; Augusta 2 - Hagerstown 4 |
| BOTTOM OF THE 7TH |
|
Hagerstown Suns batting - Pitching for Augusta GreenJackets : RHP Dan Post
|
|
Pitching: RHP Nick McDade
|
|
|
Batting: RHB Slavik Nebrodov
|
0-0: Fly out, F7 (Flyball, 7LS, EV 99.4 MPH)
|
|
Batting: RHB Jesus Malave
|
0-0: Called Strike 0-1: Foul Ball, location: 2F 0-2: Ball 1-2: Ground out 6-3 (Groundball, 6, EV 80.6 MPH)
|
|
Batting: RHB Jim Towle
|
0-0: Called Strike 0-1: Called Strike 0-2: Strikes out swinging
|
| Bottom of the 7th over - 0 runs, 0 hits, 0 errors, 0 left on base; Augusta 2 - Hagerstown 4 |
| TOP OF THE 8TH |
|
Augusta GreenJackets batting - Pitching for Hagerstown Suns : RHP Salvador Medina
|
|
Batting: RHB Devin Lowery
|
0-0: Called Strike 0-1: Called Strike 0-2: Ball 1-2: Ball 2-2: Ball 3-2: Ground out 6-3 (Groundball, 6, EV 101.9 MPH)
|
|
Batting: RHB Micah McErlean
|
0-0: Ball 1-0: Ball 2-0: Called Strike 2-1: Ground out 5-3 (Groundball, 5L, EV 85.6 MPH)
|
|
Batting: RHB Jonathan Reece
|
0-0: Called Strike 0-1: Foul Ball, location: 2F 0-2: Ball 1-2: Ground out U3 (Groundball, 34, EV 89.4 MPH)
|
| Top of the 8th over - 0 runs, 0 hits, 0 errors, 0 left on base; Augusta 2 - Hagerstown 4 |
| BOTTOM OF THE 8TH |
|
Hagerstown Suns batting - Pitching for Augusta GreenJackets : RHP Nick McDade
|
|
Batting: RHB Naofumi Ishida
|
0-0: Ground out 1-3 (Groundball, 15S, EV 68.1 MPH)
|
|
Batting: RHB Victor Cintron
|
0-0: Ball 1-0: Called Strike 1-1: Ball 2-1: Called Strike 2-2: Ground out 6-3 (Groundball, 6, EV 88.8 MPH)
|
|
Batting: RHB Travis Stanley
|
0-0: Ball 1-0: Foul Ball, location: 2F 1-1: Ground out 5-3 (Groundball, 56, EV 85.0 MPH)
|
| Bottom of the 8th over - 0 runs, 0 hits, 0 errors, 0 left on base; Augusta 2 - Hagerstown 4 |
| TOP OF THE 9TH |
|
Augusta GreenJackets batting - Pitching for Hagerstown Suns : RHP Salvador Medina
|
|
Pitching: RHP Gareth Cutts
|
|
|
Now in LF: Deshawn Boseman
|
|
|
Now in RF: Nate Melendez
|
|
|
Batting: RHB Mike Jones
|
0-0: Ground out 5-3 (Groundball, 5, EV 82.5 MPH)
|
|
Batting: LHB James Wheaton
|
0-0: Ball 1-0: Called Strike 1-1: Fly out, F7 (Line Drive, 7, EV 91.2 MPH)
|
|
Batting: RHB Yutaka Oki
|
0-0: Called Strike 0-1: Ball 1-1: Ball 2-1: Ground out 6-3 (Groundball, 6, EV 89.4 MPH)
|
| Top of the 9th over - 0 runs, 0 hits, 0 errors, 0 left on base; Augusta 2 - Hagerstown 4 |
|